 Dungeon Crawl Stone Soup version 0.23-a0-741-g38971ea054 (webtiles) character file.

23 Infinimo the Slasher (level 2, -3/24 HPs)
             Began as a Demonspawn Berserker on Jan 18, 2019.
             Was a Follower of Trog.
             Slain by a hobgoblin
             ... wielding a +0 club
              (6 damage)
             ... on level 2 of the Dungeon.
             The game lasted 00:01:39 (1143 turns).

Infinimo the Slasher (Demonspawn Berserker)         Turns: 1143, Time: 00:01:40

Health: -3/24      AC:  6    Str: 17    XL:     2   Next: 75%
Magic:  2/2        EV: 12    Int:  8    God:    Trog [*.....]
Gold:   18         SH:  0    Dex: 12    Spells: 1/1 levels left

rFire    . . .     SeeInvis .   a - +0 falchion
rCold    . . .     Gourm    .   (no shield)
rNeg     . . .     Faith    .   b - +0 animal skin
rPois    .         Spirit   .   (no helmet)
rElec    .         Reflect  .   (no cloak)
rCorr    .         Harm     .   k - +2 pair of gloves
MR       .....                  (no boots)
Stlth    +.........             (no amulet)
HPRegen  0.08/turn              (no ring)
MPRegen  0.08/turn              (no ring)

@: confused
A: rugged brown scales 1
a: Berserk, Renounce Religion


You were on level 2 of the Dungeon.
You worshipped Trog.
Trog was aware of your devotion.
You were not hungry.

You visited 1 branch of the dungeon, and saw 2 of its levels.

You collected 18 gold pieces.

Inventory:

Hand Weapons
 a - a +0 falchion (weapon)
Armour
 b - a +0 animal skin (worn)
 k - a +2 pair of gloves (worn)
Scrolls
 e - 2 scrolls of immolation {unknown}
 f - 4 scrolls of teleportation {unknown}
 g - a scroll of remove curse {unknown}
 i - a scroll of identify {unknown}
Comestibles
 c - a ration


   Skills:
 + Level 3.3 Fighting
 * Level 3.4 Long Blades
 - Level 1.7 Armour
 - Level 1.7 Dodging


You had one spell level left.
You didn't know any spells.
Your spell library was empty.

Dungeon Overview and Level Annotations

Branches:
Dungeon (2/15)

Altars:

Annotations:
D:2 Sigmund


Innate Abilities, Weirdness & Mutations

You are partially covered in rugged brown scales. (AC +1, +3% HP)


Message History

You hit something but do no damage.
You hear some strange, mumbled words.
Something tries to affect you, but you resist.
The hobgoblin hits you with a +0 club.
* * * LOW HITPOINT WARNING * * *
You hear some strange, mumbled words.
You are confused.
You hear some strange, mumbled words.
A puff of flame appears from out of thin air!
The puff of flame hits you!
* * * LOW HITPOINT WARNING * * *
You feel less wooden.
Your +2 pair of gloves unmelds from your body.
Your +0 animal skin unmelds from your body.
Something hits you.
* * * LOW HITPOINT WARNING * * *
You're too confused to attack without stumbling around!
You're too confused to attack without stumbling around!
The hobgoblin hits you with a +0 club.
You die...

#....
#....###
#......#
##....#.#
.....#.#
...#.#
#.#{#
#lg@#
#.###.#
#(<...#
#.#.##....
...#.# .
.....#.#
#....#.#.#
#....#.#.#
#....#.#.#


You could see a leopard gecko and a hobgoblin.

Vanquished Creatures
  2 dart slugs (D:1)
  2 bats (D:1)
  A giant cockroach (D:1)
  4 hobgoblins (D:1)
  2 frilled lizards (D:1)
  3 goblins (D:1)
  5 kobolds (D:1)
  A rat (D:1)
20 creatures vanquished.

Notes
Turn   | Place    | Note
-------+----------+-------------------------------------------
     0 | D:1      | Infinimo the Demonspawn Berserker began the quest for the
                  | Orb.
     0 | D:1      | Reached XP level 1. HP: 18/18 MP: 1/1
   170 | D:1      | Gained mutation: You are partially covered in rugged brown
                  | scales. (AC +1, +3% HP) [demonic ancestry]
   170 | D:1      | Reached XP level 2. HP: 10/24 MP: 2/2
  1107 | D:2      | Noticed Sigmund
  1143 | D:2      | Slain by a hobgoblin

Vault maps used:
D:1:      lemuel_arrival_cross
D:2:      gammafunk_temple_overflow_arena, minmay_hexomino_p4, uniq_sigmund

Skill      XL: |  1 |
---------------+----+-----
Long Blades    | 3 |  3.4
Fighting       | |  3.3
Armour         | |  1.7
Dodging        | |  1.7

Action                   || total
-------------------------++-------
Melee: Falchion          ||    78
  Use: Potion            ||     2
  Eat: Chunk             ||     1
Armor: Animal skin       ||    15
       Skin              ||    32
Dodge: Dodged            ||    38
       Rpst.: Falchion   ||     7

Table legend:
 A = Non-vault XP
 B = Vault XP
 C = Vault XP percentage of total XP
 D = Non-vault monster count
 E = Vault monster count
 F = Vault count percentage of total count
                 A         B        C        D         E       F
            +---------+---------+-------+---------+---------+-------
      Total |      34 |       0 |   0.0 |      20 |       0 |   0.0
            +---------+---------+-------+---------+---------+-------
        D:1 |      34 |       0 |   0.0 |      20 |       0 |   0.0
            +---------+---------+-------+---------+---------+-------
